 Dungeon Crawl Stone Soup version 0.28.0-53-g5a82cb258f (webtiles) character file.

Game seed: 17653575022648589008

6706 Doot the Covert (level 10, -1/68 HPs)
             Began as a Vampire Enchanter on June 2, 2022.
             Was a High Priest of Kikubaaqudgha.
             Succumbed to a meliai's poison
             ... on level 10 of the Dungeon.
             The game lasted 00:21:35 (11586 turns).

Doot the Covert (Vampire Enchanter)                Turns: 11586, Time: 00:21:36

Health: -1/68      AC:  9    Str: 15    XL:     10   Next: 74%
Magic:  28/28      EV: 13    Int: 22    God:    Kikubaaqudgha [*****.]
Gold:   375        SH:  0    Dex: 14    Spells: 13/21 levels left

rFire   . . .      SeeInvis +   a - +1 dagger
rCold   . . .      Faith    +   G - orb {guile}
rNeg    . . .      Spirit   .   S - +0 troll leather armour
rPois   +          Reflect  .   X - +2 helmet
rElec   .          Harm     .   K - scarf {+Inv}
rCorr   .          Rampage  .   (no gloves)
Will    .....                   U - +1 pair of boots of Words of Power {rPois Str+4 Int-3}
Stlth   +++++.....              d - amulet of faith
HPRegen 1.21/turn               g - +6 ring of intelligence
MPRegen 0.21/turn               l - ring of magical power

@: lethally poisoned (-1 -> -8), flying, healing quickly
A: alive, fangs 3, see invisible, vampiric 2
a: Exsanguinate, Renounce Religion, Evoke Invisibility, Receive Corpses, Torment


You were on level 10 of the Dungeon.
You worshipped Kikubaaqudgha.
Kikubaaqudgha was extremely pleased with you.
You visited 2 branches of the dungeon, and saw 11 of its levels.

You collected 505 gold pieces.
You spent 130 gold pieces at shops.

Inventory:

Hand Weapons
 a - a +1 dagger (weapon)
 b - the +9 long sword of Bedazzling Subterfuge {vorpal, Str+4}
   (You found it on level 9 of the Dungeon)

   It inflicts extra damage upon your enemies.
   Str:       It affects your strength (+4).
 L - a +0 vorpal great sword
 T - a +0 long sword
Missiles
 s - 2 throwing nets
Armour
 f - a +1 ring mail of willpower
 p - a +0 cloak
 t - a +0 helmet
 G - an orb of guile (worn)
 H - a +0 pair of boots
 K - a scarf of invisibility (worn)
 P - a +0 robe
 R - a +0 buckler
 S - a +0 troll leather armour (worn)
 U - the +1 pair of boots of Words of Power (worn) {rPois Str+4 Int-3}
   (You found it on level 9 of the Dungeon)

   Str:       It affects your strength (+4).
   Int:       It affects your intelligence (-3).
   rPois:     It protects you from poison.
 X - a +2 helmet (worn)
Jewellery
 d - an amulet of faith (around neck)
 g - a +6 ring of intelligence (left hand)
 l - a ring of magical power (right hand)
 v - a ring of fire
 B - a ring of willpower
 O - a ring of protection from fire
 Q - an amulet of regeneration
Wands
 z - a wand of paralysis (3)
 C - a wand of iceblast (17)
 M - a wand of polymorph (10)
Scrolls
 h - 2 scrolls of noise {unknown}
 m - 12 scrolls of identify {unknown}
 n - 3 scrolls of amnesia {unknown}
 o - 2 scrolls of acquirement {unknown}
 q - 2 scrolls of vulnerability {unknown}
 w - a scroll of holy word {unknown}
 x - a scroll of enchant weapon {unknown}
 y - 3 scrolls of enchant armour {unknown}
 E - 2 scrolls of teleportation {unknown}
 I - 3 scrolls of brand weapon {unknown}
 J - 2 scrolls of fear {unknown}
 N - a scroll of magic mapping {unknown}
Potions
 c - a potion of invisibility
 e - a potion of ambrosia {unknown}
 i - 4 potions of heal wounds {unknown}
 j - 3 potions of curing {unknown}
 k - a potion of might {unknown}
 r - a potion of cancellation {unknown}
 u - 2 potions of flight
 A - 2 potions of magic {unknown}
 D - a potion of lignification {unknown}
 F - a potion of haste {unknown}
 W - a potion of mutation {unknown}
Miscellaneous
 V - a phantom mirror


   Skills:
 + Level 2.6 Fighting
 + Level 3.8(5.1) Short Blades
 * Level 4.6(5.2) Long Blades
 + Level 2.3 Armour
 + Level 4.1 Dodging
 + Level 11.6 Stealth
 + Level 6.2 Spellcasting
 + Level 8.2 Hexes
 * Level 7.1 Necromancy
 + Level 4.2 Ice Magic
 * Level 4.4 Evocations


You had 13 spell levels left.
You knew the following spells:

 Your Spells              Type           Power      Damage    Failure   Level
a - Ensorcelled Hibernat  Hex/Ice        68%        N/A       1%          2
b - Blink                 Tloc           12%        N/A       16%         2
c - Dispel Undead         Necr           38%        3d16      5%          4

Your spell library contained the following spells:

 Spells                   Type           Power      Damage    Failure   Level
 Animate Skeleton         Necr           76%        N/A       1%          1
 Pain                     Necr           100%       1d9       1%          1
 Slow                     Hex            100%       N/A       1%          1
 Sublimation of Blood     Necr           38%        N/A       1%          2
 Confusing Touch          Hex            43%        N/A       1%          3
 Tukima's Dance           Hex            43%        N/A       1%          3
 Vampiric Draining        Necr           38%        2d8       1%          3
 Animate Dead             Necr           19%        N/A       5%          4
 Dazzling Flash           Conj/Hex       50%        N/A       6%          3
 Excruciating Wounds      Necr           19%        N/A       16%         5
 Passwall                 Tmut/Erth      5%         N/A       17%         2
 Static Discharge         Conj/Air       6%         N/A       17%         2
 Fulminant Prism          Conj/Hex       12%        3d9       21%         4
 Lesser Beckoning         Tloc           6%         N/A       32%         3
 Swiftness                Air            6%         N/A       32%         3
 Borgnjor's Vile Clutch   Necr/Erth      11%        N/A       56%         5
 Death Channel            Necr           19%        N/A       65%         6
 Iskenderun's Mystic Bla  Conj/Tloc      6%         2d4       73%         4
 Sticky Flame             Conj/Fire      6%         2d3       73%         4
 Manifold Assault         Tloc           6%         N/A       96%         5
 Lee's Rapid Deconstruct  Erth           3%         3d6*      97%         5
 Storm Form               Tmut/Air       3%         N/A       100%        7


Dungeon Overview and Level Annotations

Branches:
Dungeon (10/15)            Temple (1/1) D:4             Orc (0/2) D:10
   Lair: D:8-11

Altars:
Dithmenos
Elyvilon
Fedhas
Hepliaklqana
Kikubaaqudgha
Makhleb
Nemelex Xobeh
Sif Muna
Trog
Vehumet
Xom
The Shining One

Shops:
D:6 [

Annotations:
D:6 2 runed translucent doors, duchin's ghost, novice DjWr
D:10 1 transporter


Innate Abilities, Weirdness & Mutations

Your natural rate of healing is accelerated.
You have razor-sharp teeth.
You have supernaturally acute eyesight. (SInv)
You are afflicted with vampirism and can become a bat while bloodless.


Message History

There is an open door here.
You open the door.
Found an escape hatch in the ceiling.
There is an open door here.
Okay, then.
Unknown command.
Unknown command.
There is an escape hatch in the ceiling here.
You open the door.
There is an open door here.
There is an open door here.
You open the door. 3 meliai come into view.
A meliai is wielding a +1 hand axe of holy wrath.
There are monsters nearby!
There are monsters nearby!
a - a +1 dagger (weapon)
There is an open door here.
The meliai buzzes angrily. x3
The meliai hits you with a +1 hand axe of holy wrath!
You convulse!
The meliai stings you!
You are poisoned.
The meliai poisons you! The meliai misses you. The meliai closely misses you.
Unknown command.
You feel very sick.
The meliai hits you with a +1 hand axe of holy wrath!
You convulse!
* * * LOW HITPOINT WARNING * * *
The meliai stings you.
* * * LOW HITPOINT WARNING * * *
The meliai misses you. x2; The meliai closely misses you.
The meliai stings you!
* * * LOW HITPOINT WARNING * * *
Okay, then.
Okay, then.
Unknown command.
It was a potion of flight.
You feel very buoyant.
You fly up into the air.
You die...
Kikubaaqudgha rasps: "You have failed me!
Welcome... death!"

########## #.........
#......... ##########
#......... .........#
#.........
.......yy#######.........
.......y@'....##.........
.........####..'.........
.........# ####.........
.........# #.........
##+####### #.........
####'##### #..####
##<...# ##########'#


You could see 3 meliai.

Vanquished Creatures
  A troll (D:9)
  A shadow (D:9)
  2 wyverns
  12 yaks
  2 steam dragons (D:9)
  3 water moccasins
  4 orc warriors
  A sky beast (D:6)
  A necrophage (D:5)
  2 ogres (D:6)
  3 centaurs
  A phantom (D:7)
  A kobold brigand (D:10)
  5 bullfrogs
  3 gnoll sergeants
  A scorpion (D:4)
  A wyvern zombie (D:8)
  A water moccasin skeleton (D:6)
  7 wights
  4 killer bees (D:8)
  2 centaur zombies
  A bullfrog zombie (D:6)
  4 jellies
  A centaur skeleton (D:7)
  6 orc priests
  3 hounds
  2 iguanas
  Terence (D:2)
  9 orc wizards
  A killer bee zombie (D:6)
  Robin (D:2)
  9 gnolls
  2 howler monkey skeletons
  6 adders
  A shadow imp (D:5)
  2 white imps
  An ufetubus (D:5)
  2 worms (D:2)
  A dart slug (D:2)
  50 orcs
  11 ball pythons
  3 bats (D:2)
  9 endoplasms
  6 giant cockroaches
  9 goblins
  4 hobgoblins
  7 jackals
  7 quokkas
  5 frilled lizards
  11 kobolds
  26 rats
259 creatures vanquished.

Notes
Turn   | Place    | Note
-------+----------+-------------------------------------------
     0 | D:1      | Doot the Vampire Enchanter began the quest for the Orb.
     0 | D:1      | Reached XP level 1. HP: 13/13 MP: 3/3
   215 | D:1      | Reached XP level 2. HP: 7/19 MP: 5/5
   299 | D:1      | Learned a level 2 spell: Ensorcelled Hibernation
   383 | D:2      | Learned a level 2 spell: Blink
   470 | D:4      | Noticed a scorpion
   480 | D:4      | Reached skill level 5 in Hexes
   480 | D:4      | Gained mutation: You are afflicted with vampirism and can
                  | become a bat while bloodless. [Vampire growth]
   480 | D:4      | Reached XP level 3. HP: 15/25 MP: 0/6
   538 | D:4      | Found a staircase to the Ecumenical Temple.
   545 | Temple   | Entered the Ecumenical Temple
   563 | Temple   | Became a worshipper of Kikubaaqudgha
   730 | D:3      | Found a faded altar of an unknown god.
   758 | D:3      | Reached skill level 5 in Stealth
   819 | D:2      | Noticed Robin
  1069 | D:1      | Reached XP level 4. HP: 29/31 MP: 0/7
  1307 | D:1      | Reached * piety under Kikubaaqudgha
  1307 | D:1      | Received a gift from Kikubaaqudgha
  1394 | D:1      | Learned a level 4 spell: Dispel Undead
  2105 | D:2      | Noticed Terence
  2116 | D:2      | Killed Terence
  2368 | D:2      | Reached skill level 1 in Ice Magic
  2371 | D:2      | Killed Robin
  2372 | D:2      | Reached XP level 5. HP: 36/36 MP: 9/9
  2445 | D:2      | Reached ** piety under Kikubaaqudgha
  2473 | D:2      | Reached skill level 1 in Necromancy
  3352 | D:4      | Reached skill level 6 in Stealth
  3386 | D:4      | Reached XP level 6. HP: 42/42 MP: 10/10
  3681 | D:4      | Reached *** piety under Kikubaaqudgha
  3681 | D:4      | Received a gift from Kikubaaqudgha
  3989 | D:5      | Entered Level 5 of the Dungeon
  4328 | D:5      | Reached skill level 7 in Stealth
  4390 | D:5      | Reached XP level 7. HP: 46/47 MP: 9/12
  4517 | D:6      | Reached skill level 1 in Fighting
  4905 | D:6      | Found Vobogif's Armour Emporium.
  4967 | D:6      | Bought an orb of guile for 130 gold pieces
  5036 | D:6      | Reached skill level 8 in Stealth
  5088 | D:6      | Reached XP level 8. HP: 52/54 MP: 12/14
  5221 | D:6      | Found a large runed translucent door.
  5221 | D:6      | Found a large runed translucent door.
  5223 | D:6      | Noticed duchin's ghost (novice DjWr)
  5992 | D:7      | Reached skill level 1 in Evocations
  6437 | D:5      | Reached skill level 9 in Stealth
  6850 | D:5      | Reached **** piety under Kikubaaqudgha
  7491 | D:7      | Reached skill level 5 in Necromancy
  7508 | D:7      | Reached skill level 5 in Spellcasting
  7656 | D:7      | Reached XP level 9. HP: 59/59 MP: 16/16
  8320 | D:8      | Reached skill level 10 in Stealth
  9614 | D:8      | Reached skill level 11 in Stealth
 10322 | D:9      | HP: 1/61 [centaur/arrow (5)]
 10492 | D:9      | Reached XP level 10. HP: 61/63 MP: 18/18
 10545 | D:9      | Identified the +9 long sword of Bedazzling Subterfuge
                  | {vorpal, Str+4}
 10606 | D:9      | Reached skill level 1 in Long Blades
 10651 | D:9      | Identified the +1 pair of boots of Words of Power {rPois
                  | Str+4 Int-3}
 10902 | D:9      | Reached skill level 1 in Armour
 10959 | D:9      | Reached ***** piety under Kikubaaqudgha
 11234 | D:10     | Entered Level 10 of the Dungeon
 11376 | D:10     | Found a staircase to the Orcish Mines.
 11439 | D:10     | Found a transporter.
 11450 | D:10     | Noticed a tengu warrior
 11450 | D:10     | Noticed a two-headed ogre
 11531 | D:10     | Noticed a two-headed ogre
 11585 | D:10     | HP: 2/68 [meliai/+0 war axe (7)]
 11586 | D:10     | Succumbed to a meliai's poison

Illustrated notes

Levels and vault maps discovered:
D:1:      tarquinn_simple_flora_water_a, layout_loops_ring, st_stairs_8,
          kennysheep_small_spiral
D:2:      layout_loops_ring, minmay_rat_hole, uniq_robin, uniq_terence
D:3:      layout_rooms, basic_ecumenical_altar
D:4:      layout_rooms, minmay_temple_entry_nine_rooms
D:5:      layout_cave_pools, serial_rivers, chequers_serial_rivers_micro_d,
          chequers_serial_rivers_large_a, chequers_serial_rivers_small_3,
          chequers_serial_rivers_small_b, chequers_serial_rivers_large_b,
          chequers_serial_rivers_small_b
D:6:      layout_basic, lemuel_round_altar, serial_shops, shop,
          ebering_ghost_disaster_area, minmay_hedge_maze
D:7:      layout_basic
D:8:      layout_gridville
D:9:      layout_loops_ring, minmay_quadrilaterals
D:10:     layout_roguey, hiddenorc2_lemuel, gammafunk_ghost_wrathful_warriors,
          uniq_maggie
Temple:   nicolae_temple_the_god_donut

Skill      XL: |  1  2  3  4  5  6  7  8  9 10 |
---------------+-------------------------------+-----
Hexes          | 5 6 7 8 |  8.2
Stealth        | 5 6 7 8 9 11 | 11.6
Short Blades   | 2 3 |  3.8
Ice Magic      | 1 2 3 4 |  4.2
Necromancy     | 1 3 5 6 7 |  7.1
Spellcasting   | 3 4 5 6 |  6.2
Dodging        | 3 4 |  4.1
Fighting       | 1 2 |  2.6
Evocations     | 2 3 4 |  4.4
Long Blades    | 4 |  4.6
Armour         | 2 |  2.3

Action                   |  1- 3 |  4- 6 |  7- 9 | 10-12 || total
-------------------------+-------+-------+-------+-------++-------
Melee: Dagger            |    95 |   166 |   117 |     8 ||   386
       Bite              |     9 |    10 |     5 |    15 ||    39
       Punch             |       |     2 |       |       ||     2
       Long sword        |       |       |     6 |   135 ||   141
 Cast: Ensorcelled Hiber |    25 |    67 |    83 |    11 ||   186
       Dispel Undead     |       |     2 |    21 |     8 ||    31
       Blink             |       |       |     2 |       ||     2
 Abil: Exsanguinate      |     1 |       |       |       ||     1
  Use: Potion            |       |       |       |     1 ||     1
 Stab: Sleeping          |    19 |    52 |    59 |     8 ||   138
       Distracted        |       |     1 |       |       ||     1
Armor: Robe              |    14 |    39 |    16 |       ||    69
       Troll leather arm |       |       |       |    30 ||    30
Dodge: Dodged            |    76 |   111 |   114 |    99 ||   400
